 Dungeon Crawl Stone Soup version 0.30.1-4-g462c640d31 (webtiles) character file.

Game seed: 13921821974457647028

1206 croobank the Sneak (level 8, -14/52 HPs)
             Began as an Octopode Delver on Sept 5, 2023.
             Was an Initiate of Gozag.
             Demolished by Maggie the wyvern (16 damage)
             ... on level 6 of the Dungeon.
             The game lasted 00:16:13 (4768 turns).

croobank the Sneak (Octopode Delver)                Turns: 4768, Time: 00:16:14

Health: -14/52     AC:  1    Str: 12    XL:     8   Next: 45%
Magic:  14/14      EV: 11    Int: 14    God:    Gozag
Gold:   340        SH: 11    Dex: 13    Spells: 12/15 levels left

rFire   . . .        a - +1 short sword (freeze)
rCold   . . .        x - +2 kite shield
rNeg    . . .        (helmet restricted)
rPois   .            j - amulet of magic regeneration
rElec   .            (no ring)
rCorr   .            (no ring)
SInv    .            (no ring)
Will    .....        (no ring)
Stlth   +++++        (no ring)
HPRegen 0.28/turn    (no ring)
MPRegen 0.54/turn    (no ring)
                     (no ring)

%: no passive effects
@: no status effects
A: almost no armour, amphibious, 8 rings, camouflage 1, gelatinous body 1,
(nimble swimmer 1), tentacles
a: Renounce Religion, Potion Petition, Call Merchant, Bribe Branch


You were on level 6 of the Dungeon.
You worshipped Gozag.
Gozag was aware of your devotion.
You visited 2 branches of the dungeon, and saw 8 of its levels.

You collected 498 gold pieces.
You paid 158 gold pieces to Gozag.

Inventory:

Hand Weapons
 a - a +1 short sword of freezing (weapon)
 e - a +3 morningstar of draining
 z - a +0 long sword
Missiles
 q - 8 poisoned darts (quivered)
 u - a throwing net
Armour
 x - a +2 kite shield (worn)
Jewellery
 j - an amulet of magic regeneration (around mantle)
Wands
 f - a wand of digging (3)
 y - a wand of paralysis (6)
 B - a wand of polymorph (15)
Scrolls
 b - a scroll of fog
 c - a scroll of fear
 i - a scroll of amnesia
 l - 2 scrolls of magic mapping
 m - a scroll of brand weapon
 p - 2 scrolls of identify
 r - a scroll of vulnerability
Potions
 d - a potion of flight
 g - 2 potions of brilliance
 h - 2 potions of mutation
 k - 3 potions of curing
 o - 4 potions of might
 s - a potion of haste
 t - 2 potions of ambrosia
 v - a potion of magic
 w - a potion of resistance


   Skills:
 - Level 3.5 Fighting
 - Level 2.7 Short Blades
 - Level 2.7 Dodging
 - Level 7.7 Stealth
 + Level 5.7 Shields
 + Level 4.0 Spellcasting
 + Level 4.4 Transmutations


You had 12 spell levels left.
You knew the following spells:

 Your Spells              Type           Power      Damage    Failure   Level
a - Beastly Appendage     Tmut           30%        N/A       11%         1
b - Wereblood             Tmut           15%        N/A       16%         2

Your spell library contained the following spells:

 Spells                   Type           Power      Damage    Failure   Level
 Apportation              Tloc           4%         N/A       54%         1
 Necrotise                Necr           8%         1d4       54%         1
 Summon Small Mammal      Summ           8%         N/A       54%         1
 Spider Form              Tmut/Pois      8%         N/A       61%         3
 Blink                    Tloc           4%         N/A       67%         2
 Lesser Beckoning         Tloc           4%         N/A       67%         2
 Momentum Strike          Conj/Tloc      4%         3d8       67%         2
 Vhi's Electric Charge    Tloc/Air       4%         N/A       88%         3
 Arcjolt                  Conj/Air       1%         1d11      100%        5
 Plasma Beam              Fire/Air       1%         2x1d12    100%        6


Dungeon Overview and Level Annotations

Branches:
Dungeon (7/15)             Temple (1/1) D:5

Altars:
Ashenzari
Cheibriados
Dithmenos
Elyvilon
Fedhas
Gozag
Hepliaklqana
Kikubaaqudgha
Makhleb
Nemelex Xobeh
Qazlal
Ru
Sif Muna
Trog
Uskayaw
Vehumet
Wu Jian
Xom
Yredelemnul
The Shining One

Shops:
D:2 =

Annotations:
D:6 3 runed translucent doors, Maggie; sheffield53's ghost, novice DEAE; spardeous's ghost, novice DgCj


Innate Abilities, Weirdness & Mutations

You cannot wear most types of armour.
You are amphibious.
You can wear up to eight rings at the same time.
Your skin changes colour to match your surroundings (Stealth+).
Your rubbery body absorbs attacks. (AC +1, EV +1)
((You are camouflaged when in or above water. (Stealth+)))
You have tentacles for arms and can constrict up to eight enemies at once.


Message History

Aim: Maggie the wyvern (57% to hit)
You throw a poisoned dart. The poisoned dart hits Maggie.
Throw: 10 darts (poison)
Press: ? - help, Q - select action, (/) - cycle Shift-Dir - straight line, f/p - Maggie
Aim: Maggie the wyvern (57% to hit)
You throw a poisoned dart. The poisoned dart hits Maggie.
Maggie is poisoned.
Your transformation is almost over.
Throw: 9 darts (poison)
Press: ? - help, Q - select action, (/) - cycle Shift-Dir - straight line, f/p - Maggie
Aim: Maggie the wyvern (lightly wounded, poisoned, 57% to hit)
You throw a poisoned dart. The poisoned dart barely misses Maggie.
You block Maggie's attack.
You closely miss Maggie.
Your tentacle spike misses Maggie.
Maggie is moderately wounded.
Maggie bites you. Maggie bites you!
You hit Maggie. You freeze Maggie.
Maggie is heavily wounded.
Maggie looks more healthy.
Maggie bites you.
You completely miss Maggie.
You pierce Maggie, but do no damage.
Maggie is heavily wounded.
You block Maggie's attack. Maggie bites you!
You hit Maggie but do no damage.
You pierce Maggie, but do no damage.
Maggie is heavily wounded.
Maggie hisses menacingly.
Maggie bites you! Maggie closely misses you.
You hit Maggie. You freeze Maggie.
Your tentacle spike misses Maggie.
You tentacle-slap Maggie.
Maggie is almost dead.
You block Maggie's attack.
You barely miss Maggie.
Maggie is almost dead.
Maggie hisses menacingly.
Maggie bites you. Maggie bites you!
* * * LOW HITPOINT WARNING * * *
You barely miss Maggie.
Maggie is almost dead.
Your tentacle spike disappears.
Maggie bites you!
You die...
Your body crumbles into a pile of gold.

#...#......##.####+++#########..#
##.##....(....#♣.....WW♣ ##.#
#.#..#....... ⌠.......⌠#######..
###..##.....##♣.......♣#.#..#...
#...# #..(..#!.......?#.......#
####..# ##.#.(##8.....8##....####
#.##..####..#..## ##.....####
...#.#.#...##..l#######........##
...........##..#@...............#
#..........##..##............#...
#..........#...............###.##
#................###......###...#
##.....)..............#...####...
##..##...........#.........#.#.#.
#...#............#...............
#...#...........>........#.......
.........................#.......


You could see Maggie the wyvern.

Vanquished Creatures
  2 yaks (D:6)
  An ice beast (D:6)
  A centaur (D:6)
  2 scorpions
  2 jellies (D:5)
  5 hounds
  Jessica (D:3)
  2 iguanas (D:4)
  Ijyb (D:4)
  6 adders
  A shadow imp (D:6)
  3 worms
  2 dart slugs
  5 orcs
  4 bats
  3 endoplasms
  3 giant cockroaches
  12 goblins
  5 hobgoblins
  4 quokkas
  4 ball pythons
  6 frilled lizards
  6 kobolds
  10 rats
91 creatures vanquished.

Vanquished Creatures (collateral kills)
  A yak (D:6)
1 creature vanquished.

Grand Total: 92 creatures vanquished

Notes
Turn   | Place    | Note
-------+----------+-------------------------------------------
     0 | D:5      | croobank the Octopode Delver began the quest for the Orb.
     0 | D:5      | Reached XP level 1. HP: 16/16 MP: 1/1
    69 | D:6      | Noticed a hound
    78 | D:6      | Killed a hound
    79 | D:6      | Reached skill level 7 in Stealth
    79 | D:6      | Reached XP level 2. HP: 21/21 MP: 2/2
    79 | D:6      | Reached XP level 3. HP: 26/26 MP: 3/3
    96 | D:6      | Noticed an ice beast
    99 | D:6      | Reached XP level 4. HP: 31/31 MP: 4/4
   488 | D:4      | Reached skill level 1 in Shields
   488 | D:4      | Reached XP level 5. HP: 36/36 MP: 5/5
  1405 | D:1      | Reached XP level 6. HP: 40/42 MP: 6/6
  1488 | D:1      | Learned a level 1 spell: Beastly Appendage
  2018 | D:2      | Found Poocurch's Jewellery Shop.
  2207 | D:2      | Learned a level 2 spell: Wereblood
  2376 | D:3      | Found a radiant altar of Vehumet.
  2513 | D:3      | Noticed Jessica
  2525 | D:3      | Killed Jessica
  2526 | D:3      | Reached skill level 1 in Transmutations
  2633 | D:3      | Reached skill level 1 in Spellcasting
  2891 | D:4      | Noticed Ijyb
  2894 | D:4      | Killed Ijyb
  3135 | D:4      | Found an ornate altar of the Wu Jian Council.
  3255 | D:5      | Found a sacrificial altar of Ru.
  3264 | D:5      | Reached XP level 7. HP: 34/46 MP: 9/9
  3550 | D:5      | Found a staircase to the Ecumenical Temple.
  3560 | Temple   | Entered the Ecumenical Temple
  3692 | Temple   | Became a worshipper of Gozag Ym Sagoz the Greedy
  4209 | D:6      | Noticed a yak
  4211 | D:6      | Noticed a yak
  4213 | D:6      | Found a runed translucent gate.
  4213 | D:6      | Noticed Maggie
  4215 | D:6      | Found a runed translucent gate.
  4217 | D:6      | Found a runed translucent gate.
  4225 | D:6      | Noticed a yak
  4226 | D:6      | Killed a yak
  4227 | D:6      | Reached skill level 5 in Shields
  4227 | D:6      | Reached XP level 8. HP: 13/52 MP: 12/12
  4227 | D:6      | Maggie changed into Maggie the wyvern
  4227 | D:6      | Noticed Maggie
  4478 | D:6      | Killed a yak
  4484 | D:6      | Killed a yak
  4635 | D:6      | Noticed sheffield53's ghost (novice DEAE)
  4635 | D:6      | Noticed spardeous's ghost (novice DgCj)
  4665 | D:6      | Found a hazy altar of Hepliaklqana.
  4767 | D:6      | HP: 2/52 [Maggie the wyvern (15)]
  4768 | D:6      | Demolished by Maggie the wyvern

Illustrated notes

Levels and vault maps discovered:
D:1:      saegor_arrival_miasma, layout_loops_corners, serial_bayou_pond_c
D:2:      layout_loops_cross, serial_shops, nicolae_shop_real_fake_doors
D:3:      layout_rooms, mainiacjoe_overflow_catwalk, kennysheep_jessica_study
D:4:      layout_basic, lemuel_crystal_altar,
          eino_small_chamber_without_monster, uniq_ijyb
D:5:      layout_rooms, old_standard_altar, minmay_temple_entry_mist
D:6:      layout_cave_pools, nicolae_hepliaklqana_hazy_memory,
          portal_sewer_entry_b, gammafunk_ghost_cemetery, uniq_maggie
D:7:      layout_loops_corners, gammafunk_ghost_split, chequers_jeans,
          lemuel_flamethrower_2, uniq_menkaure
Temple:   nicolae_temple_slightly_damp_pantheon

Skill      XL: |  1  2  3  4  5  6  7  8 |
---------------+-------------------------+-----
Stealth        | 7 |  7.7
Shields        | 1 3 4 5 |  5.7
Transmutations | 2 3 4 |  4.4
Spellcasting   | 1 3 4 |  4.0
Fighting       | |  3.5
Short Blades   | |  2.7
Dodging        | |  2.7

Action                     |  1- 3 |  4- 6 |  7- 9 || total
---------------------------+-------+-------+-------++-------
  Melee: Short sword       |     4 |   144 |    54 ||   202
         Constrict         |     1 |    33 |     5 ||    39
         Tentacles         |       |    34 |    15 ||    49
         Kick              |       |    13 |     3 ||    16
         Punch             |       |       |     2 ||     2
  Throw: Dart              |       |     4 |     9 ||    13
         Throwing net      |       |       |     2 ||     2
   Cast: Beastly Appendage |       |    14 |     2 ||    16
         Wereblood         |       |     6 |       ||     6
  Evoke: Wand              |       |       |     5 ||     5
    Use: Scroll            |       |    20 |     5 ||    25
         Potion            |       |     1 |     1 ||     2
   Stab: Distracted        |     1 |       |       ||     1
         Sleeping          |     1 |    24 |     2 ||    27
         Paralysed         |       |       |     3 ||     3
 Armour: Skin              |     1 |     4 |     1 ||     6
  Dodge: Dodged            |     2 |    65 |    16 ||    83
  Block: Kite shield       |       |     6 |    28 ||    34
